 Dungeon Crawl Stone Soup version 0.28-a0-1339-ga5422284a4 (webtiles) character file.

Game seed: 3817427468863620851

53 oldriver the Caller (level 3, 0/11 (15) HPs)
             Began as a Felid Summoner on Dec 29, 2021.
             Slain by a necrophage (3 damage)
             ... on level 6 of the Dungeon.
             The game lasted 00:06:52 (3834 turns).

oldriver the Caller (Felid Summoner)                Turns: 3834, Time: 00:06:53

HP:   0/11 (15)     AC:  1    Str:  4    XL:     3   Next: 62%
MP:   9/9           EV: 17    Int: 18    God:
Gold: 78            SH:  0    Dex: 16    Spells: 3/9 levels left
                                        Lives: 0   Deaths: 1

rFire   . . .      SeeInvis +   (weapon unavailable)
rCold   . . .      Faith    .   (shield unavailable)
rNeg    . . .      Spirit   .   (armour unavailable)
rPois   .          Reflect  .   (helmet unavailable)
rElec   .          Harm     .   (cloak unavailable)
rCorr   .          Rampage  .   (gloves unavailable)
Will    .....                   (boots unavailable)
Stlth   ++........              (no amulet)
HPRegen 0.03/turn               (no ring)
MPRegen 0.11/turn               (no ring)

@: very heavily drained, quick
A: very small, claws 1, fangs 3, see invisible, speed 1, shaggy fur 1, stealthy
paws, no weapons or thrown items, no armour, multi-lived
a: no special abilities


You were on level 6 of the Dungeon.
You visited 1 branch of the dungeon, and saw 4 of its levels.

You collected 78 gold pieces.

Inventory:

Wands
 e - a wand of flame (19)
Scrolls
 a - 2 scrolls of enchant weapon
 d - 3 scrolls of identify
 g - a scroll of amnesia
Potions
 b - a potion of resistance
 c - a potion of haste {unknown}
 f - 2 potions of flight {unknown}
 h - 2 potions of lignification {unknown}


   Skills:
 * Level 0.9 Fighting
 + Level 2.7 Dodging
 + Level 2.8 Stealth
 * Level 3.6 Spellcasting
 + Level 4.8 Summonings


You had 3 spell levels left.
You knew the following spells:

 Your Spells              Type           Power      Damage    Failure   Level
a - Summon Small Mammal   Summ           80%        N/A       2%          1
b - Call Imp              Summ           20%        N/A       3%          2
c - Call Canine Familiar  Summ           20%        N/A       6%          3

Your spell library contained the following spells:

 Spells                   Type           Power      Damage    Failure   Level
 Beastly Appendage        Tmut           6%         N/A       16%         1
 Summon Guardian Golem    Hex/Summ       11%        N/A       17%         3
 Wereblood                Tmut           3%         N/A       24%         2
 Spider Form              Tmut/Pois      3%         N/A       43%         3
 Summon Lightning Spire   Summ/Air       11%        N/A       50%         4


Dungeon Overview and Level Annotations

Branches:
Dungeon (3/15)

Altars:
Ashenzari
Okawaru


Innate Abilities, Weirdness & Mutations

You have sharp claws.
You have razor-sharp teeth.
You have supernaturally acute eyesight. (SInv)
You cover ground quickly. (Speed+)
You are covered in fur. (AC +1)
Your paws help you pounce on unaware monsters.
You are incapable of wielding weapons or throwing items.
You cannot wear armour.
You gain extra lives every three experience levels.


Message History

The adder barely misses you. The orc warrior barely misses you.
The orc warrior completely misses you. The adder misses you.
Aiming: Throw Flame
Press: ? - help, Shift-Dir - straight line, f/p - iguana
Aim: an iguana (severely wounded, 72% to hit)
The puff of flame hits the iguana.
The iguana is severely wounded.
The iguana bites you!
Ouch! That really hurt!
You die...
The adder completely misses you. The orc warrior completely misses you.
You are now level 3!
You rejoin the land of the living...
Found 7 stones.
Found an iron altar of Okawaru.
A necrophage comes into view.
You barely miss the necrophage. The necrophage hits you.
You feel drained.
You scratch the necrophage.
The necrophage is lightly damaged.
The necrophage closely misses you.
You scratch the necrophage.
The necrophage is moderately damaged.
The necrophage barely misses you.
You scratch the necrophage but do no damage.
The necrophage is moderately damaged.
The necrophage hits you.
You feel drained.
* * * LOW HITPOINT WARNING * * *
You scratch the necrophage but do no damage.
Your bite misses the necrophage.
The necrophage is moderately damaged.
The necrophage barely misses you.
You scratch the necrophage.
The necrophage is moderately damaged.
The necrophage closely misses you.
You scratch the necrophage but do no damage.
The necrophage is moderately damaged.
The necrophage closely misses you.
You barely miss the necrophage.
The necrophage is moderately damaged.
The necrophage hits you.
You die...

..#.# .._.(
..#.#.####
.........# #....##
##### #.....###
#...# #.......##
#...# #....##..## #
#...# ##.#####.@#
#..... ###...# #..
##n###.....##......
....
#...#............#
.....
.##....##........#
.... .
...............# ..
....>...####...# ..
......$.########
...
................
######.#######.


You could see a necrophage.

Vanquished Creatures
  A quokka (D:1)
  A bat (D:3)
  2 kobolds
  A rat (D:2)
5 creatures vanquished.

Vanquished Creatures (collateral kills)
  Terence (D:2)
  Robin (D:2)
  2 dart slugs
  3 bats
  3 endoplasms
  2 giant cockroaches (D:1)
  13 goblins
  8 hobgoblins
  4 jackals (D:2)
  4 quokkas
  5 ball pythons
  6 frilled lizards
  5 kobolds
  6 rats
63 creatures vanquished.

Grand Total: 68 creatures vanquished

Notes
Turn   | Place    | Note
-------+----------+-------------------------------------------
     0 | D:1      | oldriver the Felid Summoner began the quest for the Orb.
     0 | D:1      | Reached XP level 1. HP: 7/7 MP: 4/4
   877 | D:1      | Reached XP level 2. HP: 11/11 MP: 1/6
  1183 | D:1      | Found a faded altar of an unknown god.
  1274 | D:1      | Learned a level 2 spell: Call Imp
  1922 | D:2      | Noticed Robin
  2042 | D:2      | Reached XP level 3. HP: 14/15 MP: 4/8
  2664 | D:2      | Killed Robin
  2677 | D:2      | Reached XP level 4. HP: 18/18 MP: 2/9
  3042 | D:2      | Noticed Terence
  3083 | D:2      | Killed Terence
  3478 | D:2      | Learned a level 3 spell: Call Canine Familiar
  3665 | D:3      | Found a broken altar of Ashenzari.
  3674 | D:3      | You fall into a shaft and drop 3 floors!
  3674 | D:6      | Noticed a sky beast
  3804 | D:6      | Noticed an ogre
  3805 | D:6      | Noticed an orc warrior
  3820 | D:6      | Slain by an iguana
  3821 | D:6      | Reached XP level 3. HP: -1/15 MP: 5/9
  3821 | D:6      | Found an iron altar of Okawaru.
  3823 | D:6      | Noticed a necrophage
  3834 | D:6      | Slain by a necrophage

Illustrated notes

Levels and vault maps discovered:
D:1:      dpeg_arrival_long_road, layout_loops_corners,
          hellmonk_ecumenical_altar_pennies_from_heaven
D:2:      layout_basic, lemuel_flame_loot_1, uniq_robin, uniq_terence
D:3:      minmay_skewed_foursquare, layout_basic, ashenzari_conservatory_becter,
          portal_sewer_entry_b
D:6:      minmay_diamond_boxcup, layout_rooms, okawaru_metal_pillars_1_2,
          mainiacjoe_overflow_catwalk, minmay_misc_feat_plants

Skill      XL: |  1  2  3 |
---------------+----------+-----
Spellcasting   | 3 |  3.6
Fighting       | |  0.9
Dodging        | |  2.7
Stealth        | |  2.8
Summonings     | |  4.8

Action                   |  1- 3 |  4- 6 || total
-------------------------+-------+-------++-------
Melee: Unarmed           |    27 |     7 ||    34
       Bite              |       |     1 ||     1
 Cast: Summon Small Mamm |    87 |    16 ||   103
       Call Imp          |    14 |    13 ||    27
       Call Canine Famil |       |     2 ||     2
Evoke: Wand              |       |     2 ||     2
  Use: Scroll            |       |     5 ||     5
 Stab: Sleeping          |     1 |     1 ||     2
Armor: Skin              |     2 |     1 ||     3
Dodge: Dodged            |    28 |    24 ||    52

Table legend: (Time is in decaauts)
 A = Elapsed time spent in this place.
 B = Non-inter-level travel time spent in this place.
 C = Inter-level travel time spent in this place.
 D = Time resting spent in this place.
 E = Time spent auto-exploring this place.
 F = Levels seen in this place.
 G = Mean time per level.
                   A        B        C        D        E       F      G
               +--------+--------+--------+--------+--------+-----+--------+
         Total |   3470 |   3430 |     40 |    354 |   2234 |   4 |  867.5 |
       Dungeon |   3470 |   3430 |     40 |    354 |   2234 |   4 |  867.5 |
               +--------+--------+--------+--------+--------+-----+--------+

Top non-repeatable levels by time:
     D:1: 1817 daAuts
     D:2: 1337 daAuts
     D:3: 170 daAuts
     D:6: 145 daAuts
